Map: Orbital Shipyard

Players

Satie

  • Race: Zerg Zerg
  • League: Diamond

LilDicky - Winner!

  • Race: Terran Terran
  • League: Diamond

VOD

http://www.twitch.tv/tumescentpie

Description

Time

  • Played on: Nov. 23, 2015, 11:29 a.m.
  • Length: 13:21
Show
View Real Time Build Order
Export as new Build Order

Satie Zerg 

Build Orders: Hatch First 

Get SALT Encoding   

  12  0:00  Drone  
  13  0:10  Drone  
  14  0:17  Overlord  
  14  0:35  Drone x3  
  17  0:46  Drone  
  18  1:02  Hatchery  
  17  1:09  Spawning Pool  
  16  1:11  Extractor  
  16  1:13  Drone  
  16  1:21  Drone x2  
  18  1:35  Drone  
  19  1:48  Overlord  
  19  1:56  Zergling x2, Queen  
  22  2:13  Metabolic Boost  
  22  2:14  Hatchery  
  21  2:23  Queen  
  21  2:29  Zergling x2  
  24  2:40  Drone  
  24  2:41  Drone x2  
  27  2:54  Queen  
  29  3:09  Drone x2, Roach Warren  
  29  3:12  Drone  
  31  3:23  Drone x3  
  34  3:27  Overlord  
  34  3:40  Overlord x2  
  34  3:50  Overlord  
  34  3:51  Drone  
  34  3:52  Drone x2  
  37  4:04  Evolution Chamber  
  37  4:05  Evolution Chamber  
  37  4:08  Drone  
  37  4:09  Drone x2  
  38  4:15  Drone x2  
  40  4:18  Lair  
  40  4:20  Drone x2, Extractor  
  41  4:28  Roach x2  
  46  4:31  Drone  
  46  4:36  Roach x2  
  50  4:40  Drone x2, Extractor  
  50  4:41  Extractor  
  50  4:44  Drone  
  51  4:48  Drone x2  
  51  4:49  Drone  
  54  4:54  Drone x2  
  54  4:56  Drone  
  54  4:58  Ravager x2  
  54  4:59  Drone  
  58  5:15  Drone  
  58  5:16  Drone x4  
  61  5:22  Ravager  
  61  5:23  Roach  
  61  5:24  Overlord x3  
  64  5:33  Zerg Missile Weapons Level 1  
  64  5:40  Overlord x2  
  64  5:41  Overlord  
  64  5:44  Glial Reconstitution  
  64  6:00  Drone x5  
  64  6:01  Roach  
  64  6:02  Roach x6  
  83  6:07  Drone  
  83  6:08  Drone x2  
  83  6:09  Drone  
  87  6:21  Drone  
  87  6:22  Drone x5  
  93  6:25  Extractor  
  93  6:26  Extractor  
  89  6:40  Queen  
  89  6:45  Roach  
  89  6:46  Roach x8  
  108  7:04  Roach, Zerg Ground Armor Level 1  
  108  7:05  Roach x2  
  108  7:06  Overlord x4  
  114  7:21  Overlord x5  
  114  7:25  Drone x2  
  114  7:27  Ravager  
  114  7:28  Ravager x8  
  114  7:29  Ravager  
  126  7:32  Roach  
  126  7:33  Hatchery, Roach  
  129  7:53  Zerg Missile Weapons Level 2  
  129  7:54  Roach  
  129  7:55  Roach x6  
  143  8:02  Overlord x4  
  135  8:27  Roach x7  
  135  8:28  Roach x2  
  135  8:31  Ravager x5  
  130  9:01  Spawning Pool  
  118  9:03  Spire  
  107  9:29  Extractor  
  101  9:45  Pneumatized Carapace  
  101  9:47  Hatchery  
  97  10:06  Zergling x2  
  97  10:07  Roach Warren, Zergling x40  
  106  10:08  Baneling Nest  
  106  10:14  Extractor  
  115  10:16  Hatchery  
  115  10:17  Mutalisk  
  115  10:18  Mutalisk  
  115  10:20  Queen  
  119  10:36  Mutalisk x6  
  131  10:44  Mutalisk x4  
  131  10:45  Mutalisk  
  117  10:57  Zergling x2  
  117  10:58  Zergling x10  
  98  11:08  Mutalisk  
  98  11:09  Mutalisk x3  
  95  11:29  Drone x2  
  95  11:30  Drone  
  94  11:46  Drone x2  
  94  11:47  Drone x2, Queen  
  98  11:48  Queen  
  98  11:53  Drone x3  
  105  11:56  Centrifical Hooks  
  105  12:04  Zergling x2  
  105  12:05  Zergling x32  
  105  12:06  Queen  
  124  12:24  Spine Crawler  
  124  12:27  Spine Crawler  
  124  12:28  Spine Crawler  
  121  12:47  Corruptor  
  121  12:48  Corruptor x7  
  135  12:57  Mutalisk  
Show
View Real Time Build Order
Export as new Build Order

LilDicky Terran - Winner!

Build Orders: Command Center First (CC), Bio Tank, MMM Bio 

Get SALT Encoding   

  12  0:01  SCV  
  13  0:13  SCV  
  14  0:22  Supply Depot  
  14  0:25  SCV  
  15  0:43  SCV  
  16  0:55  SCV  
  17  1:00  Command Center  
  17  1:13  Barracks  
  17  1:15  SCV  
  18  1:27  Refinery  
  18  1:29  SCV  
  19  1:41  SCV  
  20  1:53  SCV  
  21  2:00  Marine  
  22  2:06  Orbital Command  
  22  2:12  Orbital Command  
  22  2:23  Marine  
  22  2:30  Factory  
  22  2:33  SCV  
  22  2:37  Refinery  
  23  2:41  Marine  
  24  2:44  SCV  
  24  2:45  SCV, Supply Depot  
  26  2:56  SCV  
  26  2:57  SCV  
  28  3:00  Marine  
  29  3:09  SCV  
  29  3:12  SCV  
  31  3:14  Factory Tech Lab  
  31  3:15  Starport  
  31  3:18  Marine  
  32  3:25  SCV x2  
  34  3:37  SCV x2  
  34  3:38  Barracks  
  34  3:40  Barracks  
  36  3:44  Barracks Tech Lab  
  36  3:45  Siege Tank  
  39  3:49  SCV  
  39  3:50  SCV  
  41  3:56  Medivac  
  41  3:59  Supply Depot  
  41  4:01  SCV  
  44  4:03  Supply Depot  
  44  4:05  SCV  
  44  4:07  Marine  
  46  4:12  Refinery  
  46  4:20  SCV x2  
  48  4:25  Marine  
  48  4:26  Barracks Tech Lab  
  48  4:27  Barracks Tech Lab  
  49  4:34  Starport Tech Lab  
  49  4:35  Siege Tank  
  52  4:38  SCV  
  52  4:43  Marine  
  52  4:44  Refinery  
  54  4:46  SCV  
  54  4:47  Barracks, Marine  
  54  4:48  Barracks  
  54  4:50  SCV, Stimpack  
  57  4:53  Marine, Starport Reactor  
  57  4:58  SCV  
  59  5:00  Marine  
  59  5:04  Marine  
  61  5:11  Marine  
  61  5:18  Marine  
  59  5:21  Siege Tank  
  59  5:23  Combat Shields  
  62  5:29  Marine x2  
  62  5:30  Supply Depot, SCV  
  65  5:37  Command Center, Marauder  
  67  5:43  Supply Depot  
  67  5:57  Medivac x2  
  67  6:03  Siege Tank  
  74  6:06  Barracks Tech Lab x2, Marine x2  
  74  6:07  Marauder  
  74  6:09  SCV x2  
  80  6:25  Marauder  
  82  6:40  SCV  
  82  6:41  SCV  
  82  6:42  Medivac  
  86  6:48  Medivac, Siege Tank, Marine x2  
  86  6:49  Marauder x2  
  86  6:51  Orbital Command  
  86  6:53  SCV, Supply Depot  
  98  6:55  Supply Depot x2  
  93  7:05  Marine  
  93  7:06  Marauder, Marine  
  97  7:10  Marauder x2  
  97  7:12  Medivac  
  97  7:13  SCV  
  104  7:18  Medivac  
  106  7:23  Marauder  
  106  7:24  Marine  
  106  7:28  Concussive Shells, Marauder  
  111  7:31  Marine x2  
  111  7:34  SCV  
  111  7:35  SCV x2  
  116  7:41  Marine  
  117  7:44  Marine  
  117  7:45  Engineering Bay  
  117  7:49  Marauder, Engineering Bay, Marine x2  
  117  7:50  Supply Depot  
  122  7:52  Supply Depot  
  122  7:53  Medivac  
  124  7:59  Marine  
  125  8:10  Marine  
  125  8:12  Medivac, Siege Tank, Marine x3  
  133  8:18  Marauder  
  133  8:28  Marine  
  133  8:29  Marine  
  133  8:31  Terran Infantry Weapons Level 1, Terran Infantry Armor Level 1  
  111  9:10  Marine  
  111  9:11  Marine x4  
  116  9:28  Marine x3  
  116  9:29  Marauder x2  
  123  9:35  Medivac x2  
  125  9:39  Armory  
  124  9:46  Marauder  
  124  9:47  Marauder x2  
  124  9:50  Marine x2  
  124  9:52  Orbital Command  
  129  10:05  Medivac  
  131  10:07  Marine  
  131  10:08  Marine x4  
  131  10:12  Siege Tank  
  139  10:25  Terran Infantry Armor Level 2, Terran Infantry Weapons Level 2, Marine x2  
  141  10:30  Supply Depot  
  141  10:31  Supply Depot x2  
  141  10:40  Supply Depot  
  141  10:41  Supply Depot  
  141  10:45  Command Center  
  141  10:50  SCV  
  141  10:52  SCV, Marauder x2, Marine x3  
  114  11:09  Marine x2  
  114  11:10  Marauder  
  103  11:13  Marauder, Marine  
  103  11:26  Supply Depot, Medivac x2  
  103  11:27  Marine x2  
  103  11:28  Supply Depot  
  103  11:31  Marine x2  
  111  11:34  Marine  
  111  11:39  SCV x2  
  112  11:42  Refinery  
  112  11:43  Refinery  
  112  11:45  Marine x2  
  112  11:46  SCV  
  115  11:49  Marauder, Marine  
  115  11:51  SCV  
  115  11:52  Marine  
  120  11:56  Medivac  
  120  11:57  Supply Depot  
  120  11:58  Supply Depot  
  122  12:03  Marauder, Marine  
  122  12:08  Missile Turret x2  
  125  12:13  Missile Turret  
  125  12:17  Missile Turret  
  125  12:18  Missile Turret x3  
  125  12:19  Marine x2  
  125  12:20  Missile Turret, Marauder  
  125  12:21  Marauder  
  131  12:24  Missile Turret  
  131  12:25  Marauder  
  133  12:32  Siege Tank  
  133  12:33  Medivac x2  
  140  12:37  Marauder x2  
  140  12:41  Marine  
  140  12:42  Marine  
  146  12:46  Marauder  
  148  12:59  Marauder x2, Marine  
  148  13:00  Marine  
Tags
 
Add a new tag
Caveats
  • Supply blocks, unpowered buildings, or Contaminate may cause inaccurate times.
  • Supply counts are checked every 10 seconds.